Map: Whispers of Gold

Players

WeAreLegion

  • Race: Terran Terran
  • League: Silver
  • Spawn Location: 9:00

A.I. 1 (Elite) - Winner!

  • Race: Protoss Protoss
  • Spawn Location: 5:00

VOD

Have the link to the VOD?

Description

Time

  • Played on: Dec. 8, 2024, 2:20 p.m.
  • Length: 14:06
Show
View Real Time Build Order
Export as new Build Order

WeAreLegion Terran 

Build Orders: Reaper Expand 

Get SALT Encoding   

  12  0:00  SCV  
  13  0:13  SCV  
  14  0:19  Supply Depot  
  14  0:25  SCV  
  15  0:40  SCV  
  16  0:44  Barracks  
  16  0:48  Refinery  
  16  0:53  SCV  
  17  1:05  SCV  
  18  1:17  SCV  
  19  1:30  Orbital Command  
  19  1:33  Reaper  
  20  1:49  Command Center  
  20  1:57  SCV  
  21  2:03  Supply Depot  
  21  2:10  Factory  
  21  2:15  SCV  
  22  2:18  Refinery  
  22  2:29  Marine  
  23  2:32  SCV  
  24  2:44  SCV  
  25  2:48  Barracks Reactor  
  25  2:56  SCV  
  25  2:57  Starport  
  26  3:03  Orbital Command  
  25  3:08  SCV  
  26  3:14  Hellion  
  28  3:20  SCV  
  28  3:25  Marine x2  
  31  3:32  SCV  
  32  3:36  Barracks  
  32  3:42  Barracks  
  32  3:44  SCV  
  32  3:46  Marine x2  
  35  3:54  Medivac  
  35  3:55  Factory Tech Lab  
  37  3:57  SCV  
  37  4:00  SCV  
  39  4:04  Marine  
  39  4:09  SCV  
  41  4:12  SCV  
  41  4:15  Siege Tank  
  45  4:21  SCV  
  46  4:35  Marine, Medivac  
  46  4:37  Supply Depot  
  46  4:38  Supply Depot, SCV x2  
  51  4:40  Marine x2  
  54  4:59  SCV x2  
  57  5:05  Barracks Tech Lab  
  55  5:07  Barracks Tech Lab  
  55  5:09  Starport Reactor  
  55  5:11  SCV x2  
  55  5:12  Starport Tech Lab  
  57  5:15  Marine x2  
  59  5:23  SCV x2  
  61  5:30  Marine x2  
  61  5:33  Stimpack  
  61  5:35  SCV x2  
  65  5:37  Engineering Bay  
  65  5:47  SCV x2  
  65  5:49  Refinery x2, Engineering Bay  
  67  5:52  Marine  
  67  5:55  Marine x2  
  70  6:38  Supply Depot  
  70  6:41  Supply Depot  
  70  6:43  SCV, Marine x4  
  70  6:46  SCV  
  78  6:47  Raven  
  78  7:00  SCV x2  
  78  7:01  Supply Depot, Marine x2, Marauder x2  
  86  7:04  Barracks, Factory Reactor  
  86  7:05  Barracks  
  86  7:07  Terran Infantry Weapons Level 1  
  86  7:12  SCV, Command Center  
  86  7:14  SCV  
  88  7:18  Marine x2  
  94  7:23  Marauder x2  
  94  7:24  SCV  
  95  7:36  Marine x2  
  97  7:40  Combat Shield  
  97  7:41  Concussive Shells  
  97  7:43  Marine x2  
  99  7:45  Widow Mine  
  99  7:47  Starport Reactor  
  101  7:54  Marine  
  102  8:04  Marine x2, Marauder, Widow Mine  
  108  8:06  Supply Depot, Widow Mine  
  108  8:07  Supply Depot  
  110  8:24  Marine x2, Marauder  
  110  8:25  Marine  
  110  8:26  Widow Mine  
  117  8:27  Widow Mine  
  117  8:29  Supply Depot  
  117  8:31  Supply Depot, SCV x2  
  121  8:41  Marine x2  
  121  8:42  Medivac x2  
  121  8:43  SCV x2  
  121  8:44  Marauder  
  121  8:46  Marauder  
  121  8:47  Widow Mine  
  135  8:49  Widow Mine  
  135  8:55  SCV x2  
  138  8:59  Marine x2  
  133  9:04  Marine  
  133  9:06  Marine  
  133  9:07  SCV  
  114  9:12  Medivac x2  
  104  9:23  Marauder  
  103  9:25  Marauder  
  105  9:44  Marauder  
  107  10:08  SCV x2  
  107  10:09  Marine x4  
  107  10:11  Widow Mine x2, Medivac x2  
  107  10:12  Command Center  
  121  10:19  Barracks  
  121  10:20  SCV x2, Barracks  
  121  10:21  Terran Infantry Armor Level 1  
  123  10:23  Command Center  
  123  10:24  Supply Depot  
  123  10:26  Supply Depot  
  123  10:27  Marine  
  123  10:28  Marauder x2  
  128  10:32  SCV, Widow Mine x2, Armory  
  128  10:33  Missile Turret  
  133  10:39  Marine, Missile Turret  
  133  10:41  Medivac  
  136  10:45  Marine  
  136  10:49  Supply Depot, Marine, Marauder  
  140  10:51  Supply Depot  
  140  10:57  Marine  
  140  11:02  Marine  
  140  11:03  Widow Mine x2  
  146  11:07  Marauder  
  146  11:10  Marauder  
  150  11:15  Marine  
  141  11:20  Marine  
  141  11:24  Widow Mine  
  144  11:26  Orbital Command  
  144  11:28  Marauder  
  144  11:29  Barracks Reactor  
  144  11:30  Barracks Reactor  
  144  11:31  Marine  
  147  11:33  Marine  
  147  11:38  Marine  
  149  11:50  Marauder x2  
  149  11:51  Marine  
  154  11:56  Marine  
  155  12:05  Marine  
  155  12:07  Widow Mine x2  
  159  12:11  Marauder  
  81  13:27  Marine  
  81  13:28  Marine x6  
  81  13:29  Marauder  
  81  13:30  Siege Tank  
  99  13:48  Command Center  
Show
View Real Time Build Order
Export as new Build Order

A.I. 1 (Elite) Protoss - Winner!

Build Orders: Zealot Archon 

Get SALT Encoding   

  12  0:00  Probe  
  13  0:13  Probe  
  14  0:21  Pylon  
  14  0:25  Probe  
  15  0:35  Probe  
  16  0:43  Probe  
  16  0:48  Assimilator  
  17  0:51  Gateway  
  17  0:52  Probe  
  18  1:00  Probe  
  18  1:01  Pylon  
  18  1:09  Probe  
  20  1:19  Probe  
  21  1:31  Probe  
  22  1:40  Zealot  
  22  1:43  Probe  
  25  1:49  Nexus  
  25  2:00  Probe  
  25  2:01  Cybernetics Core  
  26  2:08  Probe  
  27  2:17  Probe  
  28  2:28  Pylon  
  28  2:29  Probe  
  29  2:34  Warp Gate  
  29  2:35  Stalker  
  29  2:41  Gateway  
  29  2:43  Assimilator  
  31  2:46  Probe  
  32  2:55  Probe  
  32  2:57  Adept  
  33  3:01  Pylon  
  33  3:02  Probe  
  36  3:09  Probe  
  36  3:15  Probe  
  38  3:25  Robotics Facility, Adept  
  38  3:27  Adept  
  38  3:30  Probe  
  38  3:32  Probe  
  44  3:42  Probe  
  44  3:44  Probe  
  46  3:53  Adept  
  46  3:54  Probe  
  46  3:55  Adept, Pylon  
  49  3:56  Probe  
  52  4:06  Probe  
  52  4:08  Probe  
  54  4:14  Immortal  
  54  4:16  Pylon  
  58  4:18  Probe  
  58  4:20  Probe  
  60  4:28  Stalker  
  60  4:30  Probe  
  63  4:32  Stalker, Robotics Facility, Probe  
  66  4:45  Probe  
  67  4:47  Probe  
  67  4:48  Stalker  
  67  4:52  Pylon  
  70  4:53  Immortal  
  70  4:55  Pylon  
  74  5:01  Stalker  
  76  5:09  Probe  
  76  5:10  Stalker, Probe  
  80  5:19  Immortal  
  84  5:24  Zealot  
  84  5:25  Pylon  
  86  5:36  Twilight Council  
  86  5:39  Assimilator  
  86  5:41  Assimilator  
  86  5:45  Gateway  
  86  5:52  Zealot  
  86  5:53  Pylon  
  88  6:01  Probe  
  88  6:02  Probe  
  90  6:10  Probe  
  90  6:13  Zealot, Probe  
  90  6:15  Templar Archives  
  90  6:18  Probe  
  86  6:21  Nexus  
  86  6:25  Probe  
  76  6:29  Probe  
  70  6:37  Probe  
  71  6:41  Probe  
  72  6:49  Probe  
  72  6:53  Probe  
  72  6:54  High Templar x2  
  76  6:58  Sentry  
  80  7:01  Probe  
  80  7:05  Probe  
  82  7:10  Observer  
  82  7:13  Probe x2  
  84  7:20  Archon  
  84  7:21  High Templar  
  84  7:22  Forge, Probe  
  87  7:26  Stalker, Probe  
  87  7:28  Forge  
  91  7:30  Probe  
  91  7:33  Sentry  
  91  7:35  Probe  
  95  7:38  Probe x2  
  95  7:40  Assimilator  
  97  7:47  Probe  
  97  7:48  High Templar  
  97  7:50  Probe x2  
  101  7:54  Stalker  
  104  7:59  Probe  
  104  8:02  Probe  
  104  8:03  Probe  
  107  8:09  Psionic Storm  
  107  8:10  Probe  
  108  8:14  Archon, Probe  
  108  8:15  Probe  
  108  8:18  Pylon, Probe  
  110  8:21  High Templar  
  110  8:23  Probe  
  110  8:26  Probe  
  114  8:28  Probe  
  114  8:31  Probe  
  114  8:32  High Templar  
  118  8:35  Protoss Ground Armor Level 1  
  118  8:39  Pylon, Protoss Ground Weapons Level 1  
  118  8:40  Probe x3  
  121  8:42  Gateway  
  122  8:52  Probe  
  122  8:53  Probe x2  
  125  8:58  Zealot x2  
  125  9:02  Pylon  
  121  9:04  Zealot, Probe  
  121  9:05  Probe  
  121  9:08  Probe  
  100  9:16  Probe  
  89  9:17  Probe x2  
  89  9:18  Zealot, High Templar  
  85  9:24  Sentry  
  85  9:30  Assimilator  
  87  9:36  Zealot  
  87  9:38  Sentry  
  91  9:41  Archon, Pylon  
  91  9:45  Zealot  
  93  9:46  Pylon  
  93  9:49  Gateway  
  93  9:50  Stalker  
  95  9:53  Probe  
  95  9:54  Probe  
  95  9:56  Stalker  
  95  9:58  High Templar  
  101  10:01  Zealot  
  101  10:02  Photon Cannon  
  101  10:04  Photon Cannon  
  103  10:07  Pylon  
  103  10:09  Nexus  
  103  10:13  Stalker  
  105  10:19  High Templar  
  105  10:21  Stalker  
  109  10:25  Observer  
  109  10:26  Archon  
  109  10:27  Photon Cannon  
  110  10:29  Sentry  
  110  10:33  Photon Cannon  
  112  10:36  Sentry, Pylon  
  112  10:39  Warp Prism  
  112  10:40  Protoss Ground Weapons Level 2  
  116  10:43  Stalker, Observer, Adept  
  116  10:44  Zealot  
  123  10:52  Stalker  
  125  10:57  Adept  
  125  10:58  Photon Cannon  
  125  10:59  High Templar  
  125  11:01  Charge  
  125  11:03  Photon Cannon  
  125  11:04  Stalker, Adept  
  130  11:13  Stalker  
  130  11:16  Stalker  
  133  11:21  Probe  
  133  11:23  Probe  
  133  11:24  High Templar  
  133  11:25  Probe  
  138  11:27  Probe  
  138  11:31  Pylon  
  138  11:32  High Templar  
  141  11:35  Stalker  
  141  11:36  Adept  
  145  11:40  Archon  
  145  11:41  High Templar  
  145  11:46  Assimilator  
  147  11:48  Archon  
  147  11:49  Photon Cannon  
  147  11:50  Assimilator  
  147  11:52  Photon Cannon  
  147  11:53  High Templar  
  149  11:55  Pylon  
  149  11:56  High Templar  
  149  12:00  Warp Prism  
  153  12:04  Gateway  
  153  12:08  Nexus, Archon  
  153  12:09  High Templar  
  155  12:15  Photon Cannon  
  155  12:16  High Templar  
  155  12:17  Photon Cannon  
  157  12:25  High Templar  
  158  12:32  Archon, High Templar  
  160  12:40  Archon  
  160  12:44  Robotics Bay  
  160  12:47  Photon Cannon  
  160  12:50  Archon  
  160  12:53  Archon  
  160  12:55  Photon Cannon  
  160  12:56  Adept  
  160  12:57  Photon Cannon  
  162  13:00  Zealot x3, Observer, Photon Cannon  
  162  13:01  Zealot  
  162  13:04  Zealot  
  143  13:13  Immortal  
  143  13:16  Zealot  
  147  13:20  Zealot, Adept  
  147  13:21  Zealot  
  147  13:26  Stalker  
  155  13:27  Pylon  
  155  13:29  Adept  
  155  13:31  Probe  
  161  13:40  Photon Cannon  
  161  13:43  Robotics Facility  
  161  13:49  Stargate  
  161  13:52  Photon Cannon  
  167  14:03  Pylon  
Tags
 
Composition
Zealot Archon
League
Silver
Matchup
PvT
Replay Pack
December
Spawn Locations
Cross Positions
Add a new tag
Caveats
  • Supply blocks, unpowered buildings, or Contaminate may cause inaccurate times.
  • Supply counts are checked every 10 seconds.